 Dungeon Crawl Stone Soup version 0.30-a0-777-ga9a30cbeda (webtiles) character file.

Game seed: 14700177444439637305

79146 lesbiats the Brawler (level 15, 0/154 HPs)
             Began as a Troll Fighter on Feb 9, 2023.
             Was an Elder of Wu Jian.
             Slain by a goliath frog (27 damage)
             ... on level 1 of the Swamp on Feb 13, 2023.
             The game lasted 01:56:01 (21542 turns).

lesbiats the Brawler (Troll Fighter)               Turns: 21542, Time: 01:56:01

Health: 0/154      AC:  9    Str: 35    XL:     15   Next: 20%
Magic:  14/14      EV: 16    Int:  5    God:    Wu Jian [****..]
Gold:   2003       SH: 16    Dex:  9    Spells: 12/14 levels left

rFire   . . .      SeeInvis .      - Unarmed
rCold   . . .      Faith    .    b - +0 kite shield
rNeg    . . .      Spirit   .    o - +2 robe {Will+}
rPois   .          Reflect  +    (helmet restricted)
rElec   .          Harm     .    W - +2 cloak
rCorr   .          Rampage  .    (gloves unavailable)
Will    ++...                    (boots unavailable)
Stlth   +                        g - amulet of reflection
HPRegen 1.25/turn                L - ring of flight
MPRegen 0.14/turn                S - ring "Didar" {EV+5 Str+7 Int-5 Slay+4}

@: flying, studying Long Blades
A: large, unfitting armour, claws 3, regeneration 1, shaggy fur 1, tough skin 1
a: Renounce Religion, Wall Jump, Serpent's Lash


You were on level 1 of the Swamp.
You worshipped Wu Jian.
Wu Jian was greatly pleased with you.
You visited 5 branches of the dungeon, and saw 20 of its levels.
You also visited: Ossuary, Gauntlet and Volcano.

You collected 2532 gold pieces.
You spent 529 gold pieces at shops.

Inventory:

Hand Weapons
 a - a +6 scimitar of flaming
 u - the +2 hand axe of the Hidden Allies {venom, rPois Int+3}
   (You found it on level 1 of the Swamp)

   Int:       It affects your intelligence (+3).
   rPois:     It protects you from poison.
Missiles
 d - 17 large rocks
 h - 5 javelins
 i - 36 poisoned darts (quivered)
 p - an atropa-tipped dart
 G - 10 boomerangs
 J - a throwing net
 O - a curare-tipped dart
 V - 4 datura-tipped darts
Armour
 b - a +0 kite shield (worn)
 o - a +2 robe of willpower (worn)
 A - a +2 robe of fire resistance
 W - a +2 cloak (worn)
Jewellery
 g - an amulet of reflection (around neck)
 C - a +6 ring of intelligence
 L - a ring of flight (left claw)
 S - the ring "Didar" (right claw) {EV+5 Str+7 Int-5 Slay+4}
   (You found it in a Gauntlet)

   [ring of evasion]

   EV:        It affects your evasion (+5).
   Str:       It affects your strength (+7).
   Int:       It affects your intelligence (-5).
   Slay:      It affects your accuracy & damage with ranged weapons and melee
   (+4).
Wands
 k - a wand of digging (3)
 n - a wand of roots (6)
 x - a wand of polymorph (11)
 y - a wand of flame (37)
 K - a wand of charming (25)
Scrolls
 e - 5 scrolls of immolation
 f - 2 scrolls of noise
 j - 3 scrolls of poison
 l - 2 scrolls of teleportation
 m - 4 scrolls of enchant armour
 r - 4 scrolls of blinking
 s - a scroll of butterflies
 B - a scroll of amnesia
 H - 5 scrolls of fear
 M - 3 scrolls of magic mapping
 P - 5 scrolls of fog
 R - a scroll of identify
Potions
 c - 3 potions of might
 q - 2 potions of berserk rage
 t - 4 potions of attraction
 v - 12 potions of curing
 w - a potion of haste
 z - 3 potions of heal wounds
 D - 3 potions of cancellation
 E - 7 potions of lignification
 F - a potion of flight
 I - 2 potions of invisibility
 N - 2 potions of ambrosia
 Y - a potion of resistance
Miscellaneous
 Q - a lightning rod (4/4)
 X - a piece from Xom's chessboard (15/15)


   Skills:
 + Level 11.3 Fighting
 * Level 8.5 Dodging
 + Level 12.3 Shields
 * Level 18.2 Unarmed Combat


You had 12 spell levels left.
You knew the following spells:

 Your Spells              Type           Power      Damage    Failure   Level
a - Passwall              Tmut/Erth      0%         N/A       80%         2

Your spell library contained the following spells:

 Spells                   Type           Power      Damage    Failure   Level
 Beastly Appendage        Tmut           0%         N/A       65%         1
 Foxfire                  Conj/Fire      0%         2x1d4     65%         1
 Necrotise                Necr           0%         1d4       65%         1
 Cigotuvi's Dreadful Rot  Necr/Pois/Air  0%         N/A       80%         2
 Ensorcelled Hibernation  Hex/Ice        0%         N/A       80%         2
 Poisonous Vapours        Pois/Air       0%         N/A       80%         2
 Wereblood                Tmut           0%         N/A       80%         2
 Hailstorm                Conj/Ice       0%         3d3       95%         3
 Ignite Poison            Fire/Tmut/Pois 0%         N/A       95%         3
 Inner Flame              Hex/Fire       0%         N/A       95%         3
 Kindle Blastsparks       Fire/Tloc/Air  0%         2d10      95%         3
 Mephitic Cloud           Conj/Pois/Air  0%         N/A       95%         3
 Spider Form              Tmut/Pois      0%         N/A       95%         3
 Swiftness                Air            0%         N/A       95%         3
 Vampiric Draining        Necr           0%         2d6       95%         3
 Anguish                  Hex/Necr       0%         N/A       100%        4
 Flame Wave               Conj/Fire      0%         2d4       100%        4
 Fulminant Prism          Conj/Hex       0%         3d5       100%        4
 Ice Form                 Ice/Tmut       0%         N/A       100%        4
 Iskenderun's Mystic Bla  Conj/Tloc      0%         2d3       100%        4
 Sticky Flame             Conj/Fire      0%         2d3       100%        4
 Summon Lightning Spire   Summ/Air       0%         N/A       100%        4
 Agony                    Necr           0%         N/A       100%        5
 Fireball                 Conj/Fire      0%         3d3       100%        5
 Lee's Rapid Deconstruct  Erth           0%         3d4*      100%        5
 Simulacrum               Ice/Necr       0%         N/A       100%        6
 Starburst                Conj/Fire      0%         6d3       100%        6


Dungeon Overview and Level Annotations

Branches:
Dungeon (11/15)            Temple (1/1) D:5            Lair (5/5) D:11
  Swamp (1/4) Lair:2       Spider (0/4) Lair:3        Slime (0/5) Lair:5
    Orc (2/2) D:9             Elf (0/3) Orc:2       Ossuary (visited)
Volcano (visited)         Gauntlet (visited)

Altars:
Ashenzari
Cheibriados
Elyvilon
Fedhas
Hepliaklqana
Kikubaaqudgha
Makhleb
Nemelex Xobeh
Qazlal
Ru
Sif Muna
Trog
Vehumet
Wu Jian
Xom
Yredelemnul
Zin
The Shining One
Jiyva

Shops:
D:4 [   D:6 *[[   D:11 (   Orc:2 *!(*=

Portals:
Hell: Lair:5
Pandemonium: Orc:2

Annotations:
Lair:5 1 runed translucent door


Innate Abilities, Weirdness & Mutations

You are too large for most types of armour.
You have claws for hands.
Your natural rate of healing is unusually fast.
You are covered in fur. (AC +1)
You have tough skin. (AC +1)


Message History

The alligator tail-slaps you.
* * * LOW HITPOINT WARNING * * *
You barely miss the alligator.
The alligator is almost dead.
The goliath frog completely misses you.
The alligator puts on a burst of speed!
You mangle the alligator!!
You kill the alligator!
The Council accepts your kill. You block the goliath frog's attack.
You lunge at the goliath frog.
You closely miss the goliath frog. The goliath frog misses you.
The goliath frog hits you!
* * * LOW HITPOINT WARNING * * *
You are splashed with acid!
* * * LOW HITPOINT WARNING * * *
You see here an alligator corpse.
You feel much better. You block the goliath frog's attack.
The goliath frog closely misses you.
The spriggan druid casts a spell at you.
The stone arrow reflects off an invisible shield around you!
The stone arrow misses the spriggan druid.
An alligator comes into view.
The goliath frog hits you but does no damage.
Okay, then.
The goliath frog misses you.
Found a scroll of enchant armour.
The spriggan druid hits you with a +0 quarterstaff!
* * * LOW HITPOINT WARNING * * *
You closely miss the spriggan druid. You block the goliath frog's attack.
You claw the spriggan druid!
The spriggan druid is heavily wounded.
You block the spriggan druid's attack. You block the goliath frog's attack.
The goliath frog completely misses you.
You mangle the spriggan druid!!
With its final breath, the spriggan druid offers up its power to the beasts of the wild!
The alligator seems to grow more fierce.
The goliath frog seems to grow more fierce. x2
You kill the spriggan druid!
The Council accepts your kill. You block the goliath frog's attack.
The goliath frog hits you from afar!!
You die...

~~?.♣
♣.~~~.~~~§~~.
~~..♣
♣.?...~~~~~.♣
~~~~.♣
♣..~~.~~~~..♣
~~~~.~
♣♣$.♣~.~~~~.~♣
~~~§..
♣♣~~~.t§~§~~.~♣♣
~~~..♣
♣.~~~~..~~.~~~.♣
....♣♣
..~~~~~.FF.~~~.♣
.♣♣♣~
.~~~~~~~)♣....♣♣
?~~~~~§@~♣♣~...♣
..~~~~.~♣♣
♣.~.~♣ .♣~....♣♣
~..♣♣ ♣....♣ ♣♣♣
♣...♣♣ ~.~. ...
.♣


You could see an alligator (strong) and 2 goliath frogs.

Vanquished Creatures
  Donald (Orc:2)
  2 eleionomae (Swamp:1)
  A red draconian (Volcano)
  A bunyip (Swamp:1)
  A dire elephant (Lair:5)
  A minotaur (Gauntlet)
  2 hydras
  A catoblepas (Lair:5)
  Erica (D:9)
  A boulder beetle (D:11)
  A ghost crab (Lair:2)
  2 demonspawn (Orc:2)
  4 alligators (Swamp:1)
  5 death yaks
  2 centaur warriors
  8 two-headed ogres
  8 orc high priests (Orc:2)
  A sixfirhy (Lair:5)
  4 fire crabs
  A soul eater (Orc:2)
  A goliath frog (Swamp:1)
  2 spriggan druids (Swamp:1)
  A deep elf pyromancer (D:7)
  An ugly thing (D:7)
  4 orc knights (Orc:2)
  4 cyclopes
  3 orc sorcerers (Orc:2)
  A worldbinder (Gauntlet)
  2 torpor snails
  Maurice (Orc:1)
  A rust devil (Orc:2)
  10 elephants (Lair:5)
  3 black mambas
  3 orange demons
  12 cane toads
  A smoke demon (Orc:2)
  5 rime drakes
  6 unseen horror zombies (D:9)
  3 komodo dragons
  2 minotaur zombies (Gauntlet)
  4 unseen horrors
  2 ice devils (Lair:5)
  3 red devils (Lair:5)
  A meliai (Lair:3)
  4 trolls
  2 hornets
  2 polar bears (Lair:5)
  A hellwing (Lair:5)
  The ghost of FireHeadGirl the Grasshopper, an amateur BaWr of Hepliaklqana (D:5)
  4 blink frogs (Lair:3)
  A spectral dream sheep (Lair:2)
  Sigmund (D:2)
  A shadow (D:7)
  A human (shapeshifter) (D:11)
  A jumping spider (shapeshifter) (D:9)
  A spriggan (Swamp:1)
  A wyvern (D:11)
  9 fire bats
  2 wraiths (D:7)
  5 basilisks
  51 yaks
  4 steam dragons
  6 vampire mosquitoes
  Menkaure (D:5)
  4 wargs
  5 swamp worms (Swamp:1)
  6 hell hounds
  An acid dragon (D:11)
  14 water moccasins
  2 ice beasts
  2 sky beasts
  34 orc warriors
  A black bear (Lair:3)
  A boggart (Gauntlet)
  5 ogres
  3 wolves (Lair:2)
  9 centaurs
  A phantom (D:5)
  A spectral basilisk (Lair:2)
  3 kobold brigands
  9 bullfrogs
  2 necrophages (D:6)
  2 gnoll sergeants
  2 scorpions
  10 wights
  5 killer bees
  3 howler monkeys
  3 jellies
  2 human zombies (Ossuary)
  19 orc priests
  5 hounds
  A gnoll bouda (D:7)
  An iguana (D:7)
  25 orc wizards
  Terence (D:2)
  3 hound zombies (Ossuary)
  6 mummies
  15 gnolls
  A river rat (D:4)
  13 adders
  A white imp (D:7)
  3 ufetubi
  An adder zombie (Ossuary)
  3 worms
  2 dart slugs
  88 orcs
  6 bats
  5 endoplasms
  A giant cockroach (D:1)
  A gnoll zombie (Ossuary)
  6 goblins
  2 hobgoblins
  5 jackals
  5 quokkas
  3 training dummies (D:11)
  8 ball pythons
  5 frilled lizards
  3 goblin zombies
  A hobgoblin zombie (Ossuary)
  13 kobolds
  2 kobold zombies (D:7)
  An orc zombie (Ossuary)
  6 rats
  A rat zombie (Ossuary)
615 creatures vanquished.

Vanquished Creatures (others)
  A wizard (Lair:5)
  A centaur (Volcano)
  An orc wizard (D:6)
  17 demonic plants (Gauntlet)
  16 fungi
  25 plants
  5 withered plants (D:9)
66 creatures vanquished.

Grand Total: 681 creatures vanquished

Notes
Turn   | Place    | Note
-------+----------+-------------------------------------------
     0 | D:1      | lesbiats the Troll Fighter began the quest for the Orb.
     0 | D:1      | Reached XP level 1. HP: 22/22 MP: 0/0
   128 | D:1      | Reached XP level 2. HP: 29/29 MP: 1/1
   693 | D:2      | Noticed Terence
   699 | D:2      | Killed Terence
   700 | D:2      | Reached skill level 3 in Unarmed Combat
   700 | D:2      | Reached XP level 3. HP: 29/36 MP: 2/2
   876 | D:2      | Noticed Sigmund
  1014 | D:2      | Reached XP level 4. HP: 44/44 MP: 3/3
  1584 | D:2      | Killed Sigmund
  1585 | D:2      | Reached skill level 4 in Unarmed Combat
  1585 | D:2      | Reached XP level 5. HP: 25/53 MP: 4/4
  1585 | D:2      | Reached XP level 6. HP: 29/61 MP: 5/5
  2546 | D:4      | Found a runed translucent door.
  2546 | D:4      | Noticed a human
  2572 | D:4      | Found a basalt altar of Yredelemnul.
  2635 | D:4      | Reached skill level 5 in Unarmed Combat
  2651 | D:4      | Found a transporter.
  2766 | D:4      | Reached XP level 7. HP: 61/68 MP: 6/6
  2795 | D:4      | Found a transporter.
  2803 | D:4      | Found Caaneats's Antique Armour Shop.
  3149 | D:4      | Noticed a two-headed ogre
  3507 | D:5      | Entered Level 5 of the Dungeon
  3585 | D:5      | Reached skill level 6 in Unarmed Combat
  3842 | D:5      | Found a runed translucent door.
  3842 | D:5      | Noticed FireHeadGirl's ghost (amateur BaWr)
  4133 | D:5      | Found a hazy altar of Hepliaklqana.
  4176 | D:5      | Found a staircase to the Ecumenical Temple.
  4187 | Temple   | Entered the Ecumenical Temple
  4201 | Temple   | Became a worshipper of the Wu Jian Council
  4220 | D:5      | Found Zin's Purification Station.
  4478 | D:5      | Found a glowing silver altar of Zin.
  4484 | D:5      | Bought a potion of curing for 90 gold pieces
  4579 | D:5      | Noticed Menkaure
  4602 | D:5      | Killed Menkaure
  4603 | D:5      | Reached skill level 5 in Shields
  4603 | D:5      | Reached XP level 8. HP: 79/79 MP: 7/7
  4743 | D:6      | Found Ryb Raum's Armour Emporium.
  4750 | D:6      | Found Jourisu's Antique Armour Boutique.
  4750 | D:6      | Found Oting's General Store.
  4799 | D:6      | Bought a runed robe for 77 gold pieces
  4943 | D:6      | Reached skill level 7 in Unarmed Combat
  5026 | D:6      | Reached skill level 5 in Fighting
  5502 | D:6      | Reached skill level 8 in Unarmed Combat
  5534 | D:6      | Found a shimmering blue altar of Sif Muna.
  5826 | D:6      | Bought a potion of curing for 30 gold pieces
  5826 | D:6      | Bought 2 potions of heal wounds for 100 gold pieces
  5909 | D:7      | Found a sand-covered staircase.
  5923 | Ossuary  | Entered an ossuary
  5946 | Ossuary  | Reached * piety under Wu Jian
  5969 | Ossuary  | Reached XP level 9. HP: 88/88 MP: 8/8
  6358 | D:5      | Killed FireHeadGirl's ghost
  6496 | D:7      | Reached skill level 9 in Unarmed Combat
  7051 | D:7      | Noticed a troll
  7066 | D:7      | Killed a troll
  7087 | D:7      | Identified the +2 robe of the Salamander {rF- Int+3 Dex+2}
  7127 | D:7      | Reached skill level 10 in Unarmed Combat
  7164 | D:7      | Found a glowing silver altar of Zin.
  7164 | D:7      | Noticed a two-headed ogre
  7165 | D:7      | Found a sparkling altar of Nemelex Xobeh.
  7177 | D:7      | Killed a two-headed ogre
  7188 | D:7      | Reached XP level 10. HP: 99/100 MP: 9/9
  7196 | D:7      | Noticed a deep elf pyromancer
  7197 | D:7      | Noticed a two-headed ogre
  7204 | D:7      | Killed a deep elf pyromancer
  7209 | D:7      | Killed a two-headed ogre
  7209 | D:7      | Reached ** piety under Wu Jian
  7210 | D:7      | Reached skill level 11 in Unarmed Combat
  7210 | D:7      | Noticed a brown ugly thing
  7234 | D:7      | Killed a brown ugly thing
  7255 | D:7      | Noticed a cyclops
  7316 | D:7      | Killed a cyclops
  7380 | D:7      | Found a bloodstained altar of Trog.
  7725 | D:8      | Found a broken altar of Ashenzari.
  7858 | D:8      | Reached skill level 12 in Unarmed Combat
  8095 | D:9      | Noticed a two-headed ogre
  8100 | D:9      | Killed a two-headed ogre
  8101 | D:9      | Reached XP level 11. HP: 79/110 MP: 10/10
  8309 | D:9      | Noticed Erica
  8323 | D:9      | Killed Erica
  8483 | D:9      | Reached *** piety under Wu Jian
  8519 | D:9      | Reached skill level 13 in Unarmed Combat
  8580 | D:9      | Found a bloodstained altar of Trog.
  8851 | D:9      | Found a staircase to the Orcish Mines.
  9458 | D:10     | Entered Level 10 of the Dungeon
  9458 | D:10     | Found a snail-covered altar of Cheibriados.
  9580 | D:10     | Noticed a two-headed ogre
  9949 | D:10     | Found a burning altar of Makhleb.
  9986 | D:10     | Killed a two-headed ogre
  9986 | D:10     | Reached **** piety under Wu Jian
 10543 | D:11     | Found a staircase to the Lair.
 10546 | D:11     | Upgraded the game from 0.30-a0-748-ge6a52f7cba to
                  | 0.30-a0-757-ga6a79fd877
 10698 | D:11     | Found Buneaxtiuf's Firing Range.
 10762 | D:11     | Identified the +3 hand axe of Greatest Utility {freeze,
                  | *Rage Dex+2 SInv}
 10992 | D:11     | Noticed a two-headed ogre
 11001 | D:11     | Killed a two-headed ogre
 11002 | D:11     | Reached skill level 14 in Unarmed Combat
 11002 | D:11     | Reached XP level 12. HP: 122/122 MP: 11/11
 11046 | D:11     | Noticed a boulder beetle
 11066 | D:11     | Killed a boulder beetle
 11091 | D:11     | Noticed a two-headed ogre
 11094 | D:11     | Noticed a centaur warrior
 11195 | D:11     | Killed a two-headed ogre
 11246 | D:11     | Killed a centaur warrior
 11332 | D:11     | Noticed a two-headed ogre
 11342 | D:11     | Killed a two-headed ogre
 11342 | D:11     | Reached ***** piety under Wu Jian
 11388 | D:11     | Reached skill level 10 in Shields
 11473 | D:11     | Noticed a two-headed ogre
 11484 | D:11     | Killed a two-headed ogre
 11818 | Lair:1   | Entered Level 1 of the Lair of Beasts
 11980 | Lair:1   | Reached skill level 15 in Unarmed Combat
 12554 | Lair:2   | Noticed an eight-headed hydra
 12562 | Lair:2   | Killed an eight-headed hydra
 12829 | Lair:2   | Found a staircase to the Swamp.
 12829 | Lair:2   | Noticed a ghost crab
 12846 | Lair:2   | Killed a ghost crab
 13632 | Lair:3   | Found a hole to the Spider Nest.
 13644 | Lair:3   | Reached XP level 13. HP: 69/133 MP: 12/12
 14076 | Lair:3   | Reached skill level 10 in Fighting
 14347 | Lair:3   | Reached skill level 16 in Unarmed Combat
 14442 | Lair:4   | Found a gate leading to a gauntlet.
 14450 | Gauntlet | Entered a Gauntlet
 14450 | Gauntlet | Found a transporter.
 14450 | Gauntlet | Found a transporter.
 14451 | Gauntlet | Found a transporter.
 14451 | Gauntlet | Found a transporter.
 14454 | Gauntlet | Found a transporter.
 14456 | Gauntlet | Found a large runed translucent door.
 14457 | Gauntlet | Found a large runed translucent door.
 14458 | Gauntlet | Found a large runed translucent door.
 14458 | Gauntlet | Found a large runed translucent door.
 14458 | Gauntlet | Found a runed translucent door.
 14458 | Gauntlet | Found a runed translucent door.
 14459 | Gauntlet | Found a large runed translucent door.
 14459 | Gauntlet | Found a large runed translucent door.
 14459 | Gauntlet | Found a large runed translucent door.
 14459 | Gauntlet | Found a large runed translucent door.
 14460 | Gauntlet | Found a large runed translucent door.
 14460 | Gauntlet | Found a large runed translucent door.
 14461 | Gauntlet | Found a large runed translucent door.
 14461 | Gauntlet | Found a large runed translucent door.
 14462 | Gauntlet | Found a transporter.
 14462 | Gauntlet | Found a runed translucent gate.
 14462 | Gauntlet | Found a runed translucent gate.
 14464 | Gauntlet | Found a transporter.
 14464 | Gauntlet | Found a transporter.
 14467 | Gauntlet | Found a runed translucent gate.
 14468 | Gauntlet | Found a transporter.
 14473 | Gauntlet | Noticed a balrug
 14478 | Gauntlet | Found a transporter.
 14480 | Gauntlet | Found a transporter.
 14480 | Gauntlet | Found a transporter.
 14524 | Gauntlet | Found a large runed translucent door.
 14524 | Gauntlet | Found a large runed translucent door.
 14527 | Gauntlet | Found a large runed translucent door.
 14527 | Gauntlet | Found a large runed translucent door.
 14847 | Gauntlet | Identified the ring "Didar" {EV+5 Str+7 Int-5 Slay+4}
 14859 | Gauntlet | Noticed a minotaur
 14871 | Gauntlet | Killed a minotaur
 15035 | Lair:4   | Found a dark tunnel.
 15044 | Volcano  | Entered a volcano
 15076 | Volcano  | Found a burning altar of Makhleb.
 15078 | Volcano  | Noticed a red draconian
 15157 | Volcano  | Killed a red draconian
 16156 | Lair:5   | Entered Level 5 of the Lair of Beasts
 16181 | Lair:5   | Learned a level 2 spell: Passwall
 16590 | Lair:5   | Reached skill level 5 in Dodging
 16915 | Lair:5   | Found a burning altar of Makhleb.
 16969 | Lair:5   | Reached ****** piety under Wu Jian
 17009 | Lair:5   | Reached XP level 14. HP: 144/144 MP: 13/13
 17121 | Lair:5   | Reached skill level 17 in Unarmed Combat
 17303 | Lair:5   | Identified the amulet "Eraunir" {Faith rF+ rC+ MP+9}
 18005 | Lair:5   | Found a runed translucent door.
 18005 | Lair:5   | Found a viscous altar of Jiyva.
 18006 | Lair:5   | Found a staircase to the Slime Pits.
 18006 | Lair:5   | Noticed an azure jelly
 18391 | Lair:5   | Found a gateway to Hell.
 18400 | Lair:5   | Got Zism's Elucidation of Incandescent Ceraunoscopy
 19099 | Orc:1    | Entered Level 1 of the Orcish Mines
 19116 | Orc:1    | Noticed Maurice
 19147 | Orc:1    | Killed Maurice
 19666 | Orc:2    | Entered Level 2 of the Orcish Mines
 19776 | Orc:2    | Found a staircase to the Elven Halls.
 19893 | Orc:2    | Found Caosul's Distillery.
 19895 | Orc:2    | Found Oquuz's General Store.
 20418 | Orc:2    | Found Husasadwics's Jewellery Shop.
 20418 | Orc:2    | Found Syrum's Antique Weapon Boutique.
 20418 | Orc:2    | Found a one-way gate leading to the halls of Pandemonium.
 20517 | Orc:2    | Noticed Donald
 20526 | Orc:2    | Killed Donald
 20790 | Orc:2    | Found Iruegis's Overcharged Wands.
 20861 | Orc:2    | Bought a potion of might for 64 gold pieces
 20861 | Orc:2    | Bought a potion of curing for 48 gold pieces
 20861 | Orc:2    | Bought a scroll of blinking for 120 gold pieces
 20958 | Orc:1    | Reached skill level 18 in Unarmed Combat
 20958 | Orc:1    | Reached XP level 15. HP: 154/154 MP: 14/14
 21036 | D:9      | Upgraded the game from 0.30-a0-757-ga6a79fd877 to
                  | 0.30-a0-760-g5a9884bb7c
 21036 | D:9      | Upgraded the game from 0.30-a0-760-g5a9884bb7c to
                  | 0.30-a0-777-ga9a30cbeda
 21259 | Swamp:1  | Entered Level 1 of the Swamp
 21393 | Swamp:1  | Identified the +2 hand axe of the Hidden Allies {venom,
                  | rPois Int+3}
 21542 | Swamp:1  | Slain by a goliath frog

Illustrated notes

Levels and vault maps discovered:
D:1:      spicycebolla_arrival_ecumenical, layout_loops_ring
D:2:      layout_basic, wad_orctagon, uniq_terence, uniq_sigmund
D:3:      layout_basic
D:4:      gammafunk_steamed_eel, layout_loops_ring, dk_yredelemnul_ordeal,
          serial_shops, shop, grunt_ministairs_2, lightli_corner_chamber
D:5:      layout_basic, nicolae_hepliaklqana_hippocampus, zin_purify,
          minmay_temple_entry_statues, hellmonk_ghost_happy_afterlife,
          uniq_menkaure
D:6:      minmay_spotlight, layout_loops_ring, kennysheep_orc_sif_temple,
          nicolae_wooded_promenade
D:7:      minmay_the_grid_octo_2x2 [minmay_the_grid_octo_pinwheel,
          minmay_the_grid_octo_checkered, minmay_the_grid_octo_vomiting_pacman,
          minmay_the_grid_octo_prize_big_c], layout_basic,
          nicolae_ossuary_entry_giza, kennysheep_generic_room_2
D:8:      layout_rooms, ashenzari_conservatory_becter
D:9:      layout_layer_cave, trog_book, david_orc_3, serial_undead,
          serial_undead_e, serial_undead_a, serial_undead_b, serial_undead_b,
          uniq_erica
D:10:     layout_loops_ring, nicolae_overflow_hidden_temple, slow_altar_1,
          special_room [special_room_orc]
D:11:     kennysheep_blocky_room, layout_small_grid, david_lair_shrubbed,
          serial_glass, glass_columns_a, glass_columns_a, due_unseen_surprise,
          nicolae_shop_firing_range
Temple:   nicolae_temple_two_arcs
Lair:1:   layout_roguey
Lair:2:   layout_layer_cave, nicolae_swamp_entry_spooky, lemuel_fruit_tree
Lair:3:   layout_roguey, hellmonk_spider_entry_not_the_bees, st_stairs_4,
          nicolae_quartered_pool_impasse, infiniplex_staircase_pool
Lair:4:   layout_regular_city, nicolae_volcano_entry_batcave,
          gauntlet_entry_generic, kennysheep_basilisk_garden
Lair:5:   evil_forest, layout_layer_cave, slime_entry_2
Swamp:1:  layout_basic_swamp, serial_swamp_ruin, evilmike_swamp_ruin_house_1,
          evilmike_swamp_ruin_house_4, swamp_pool3, nicolae_swamp_triple_paths,
          hangedman_swamp_lotus
Orc:1:    layout_diamond_mine, nicolae_orc_rockfall, uniq_maurice
Orc:2:    pf_orc_diabolical, layout_diamond_mine,
          nicolae_shop_overcharged_wands, uniq_donald

Skill      XL: |  1  2  3  4  5  6  7  8  9 10 11 12 13 14 |
---------------+-------------------------------------------+-----
Shields        | 3 4 5 7 8 9 10 11 12 | 12.3
Unarmed Combat | 3 4 5 6 8 10 12 14 15 16 18 | 18.2
Fighting       | 3 4 5 6 7 8 9 10 11 | 11.3
Dodging        | 5 8 |  8.5

Action                     |  1- 3 |  4- 6 |  7- 9 | 10-12 | 13-15 || total
---------------------------+-------+-------+-------+-------+-------++-------
  Melee: Unarmed           |    86 |   129 |   292 |   608 |   844 ||  1959
         Scimitar          |       |       |       |       |     4 ||     4
  Throw: Dart              |       |     3 |     3 |    17 |       ||    23
         Large rock        |       |       |       |    14 |     1 ||    15
         Boomerang         |       |       |       |     2 |       ||     2
         Throwing net      |       |       |       |     8 |     1 ||     9
   Cast: Passwall          |       |       |       |       |     2 ||     2
 Invoke: Heavenly Storm    |       |       |       |       |     4 ||     4
Ability: Lunge             |       |       |    11 |    44 |    79 ||   134
         Whirlwind         |       |       |     2 |    86 |   213 ||   301
  Evoke: Wand              |       |     1 |     7 |     4 |     5 ||    17
    Use: Scroll            |       |       |    10 |    12 |    12 ||    34
         Potion            |       |       |     1 |     3 |    12 ||    16
   Stab: Sleeping          |       |       |     1 |       |       ||     1
 Armour: Robe              |    33 |    38 |    98 |       |    24 ||   193
         Steam dragon scal |       |       |    23 |   168 |    68 ||   259
         Skin              |       |       |       |    13 |       ||    13
         Fire dragon scale |       |       |       |       |     8 ||     8
  Dodge: Dodged            |    28 |    45 |   150 |   159 |   231 ||   613
  Block: Kite shield       |    23 |    70 |   147 |   197 |   424 ||   861
         Reflection        |       |       |       |       |    28 ||    28

Table legend: (Time is in decaauts)
 A = Elapsed time spent in this place.
 B = Non-inter-level travel time spent in this place.
 C = Inter-level travel time spent in this place.
 D = Time resting spent in this place.
 E = Time spent auto-exploring this place.
 F = Levels seen in this place.
 G = Mean time per level.
                   A        B        C        D        E       F      G
               +--------+--------+--------+--------+--------+-----+--------+
         Total |  21406 |  17598 |   3808 |   2101 |   9432 |  23 |  930.7 |
       Dungeon |  12101 |  10161 |   1940 |   1209 |   5681 |  11 | 1100.1 |
        Temple |     24 |      8 |     16 |      0 |      4 |   1 |   24.0 |
          Lair |   6276 |   4804 |   1472 |    535 |   3059 |   5 | 1255.2 |
         Swamp |    265 |    240 |     25 |     37 |     28 |   1 |  265.0 |
  Orcish Mines |   1839 |   1484 |    355 |    200 |    599 |   2 |  919.5 |
       Ossuary |    189 |    189 |      0 |      0 |     55 |   1 |  189.0 |
       Volcano |    217 |    217 |      0 |     44 |      0 |   1 |  217.0 |
      Gauntlet |    492 |    492 |      0 |     76 |      6 |   1 |  492.0 |
               +--------+--------+--------+--------+--------+-----+--------+

Top non-repeatable levels by time:
  Lair:5: 2263 daAuts
     D:9: 1638 daAuts
    D:11: 1607 daAuts
  Lair:2: 1298 daAuts
     D:7: 1292 daAuts
     D:5: 1274 daAuts
   Orc:2: 1219 daAuts
     D:6: 1164 daAuts
     D:4: 1146 daAuts
  Lair:3: 1030 daAuts
     D:2: 992 daAuts
  Lair:4: 986 daAuts
    D:10: 983 daAuts
     D:1: 797 daAuts
     D:3: 749 daAuts
